3L
CLEVELAND BROWNS @ D.C. DIVIDED
05/18/2039
 
TOP OF THE 1ST
Cleveland Browns batting - Pitching for D.C. Divided : RHP Eric Colquhoun
Pitching: RHP Eric Colquhoun
Batting: RHB Tom Camden 0-0: Called Strike
0-1: Ball
1-1: Ball
2-1: Fly out, F9 (Flyball, 9, EV 90.0 MPH)
Batting: LHB Surender Nada 0-0: Ball
1-0: Foul Ball, location: 2F
1-1: Ball
2-1: Ball
3-1: DOUBLE (Line Drive, 9LD, EV 101.9 MPH)
Batting: LHB Lauren Hilfiker 0-0: 2-RUN HOME RUN (Flyball, 89XD, EV 109.4 MPH), Distance : 437 ft
Batting: RHB Richard Trevithick 0-0: Swinging Strike
0-1: Ball
1-1: Ball
2-1: Ball
3-1: Foul Ball, location: 2F
3-2: SINGLE (Flyball, 5D, EV 86.2 MPH)
Batting: LHB Danny Rodríguez 0-0: Ball
1-0: Foul Ball, location: 2F
1-1: Ball
2-1: Fly out, F8 (Flyball, 8LM, EV 85.0 MPH)
Batting: LHB León Castillo 0-0: Called Strike
0-1: Reached via error on a dropped throw from 1B, E1 (Groundball, 3, EV 93.1 MPH)
Richard Trevithick to second
Batting: RHB Jack Bonner 0-0: Ball
1-0: Ball
2-0: Foul Ball, location: 2F
2-1: Foul Ball, location: 2F
2-2: Foul Ball, location: 2F
2-2: Foul Ball, location: 2F
2-2: Ball
3-2: Foul Ball, location: 2F
3-2: Strikes out looking
Top of the 1st over - 2 runs, 3 hits, 1 error, 2 left on base; Cleveland 2 - D.C. 0
BOTTOM OF THE 1ST
D.C. Divided batting - Pitching for Cleveland Browns : RHP Rémi Ribeiro
Pitching: RHP Rémi Ribeiro
Batting: RHB Kimi Okubo 0-0: Ball
1-0: Fly out, F7 (Flyball, 7, EV 91.9 MPH)
Batting: LHB Bill Butler 0-0: Ball
1-0: Foul Ball, location: 2F
1-1: Foul Ball, location: 2F
1-2: Ball
2-2: Ball
3-2: Foul Ball, location: 2F
3-2: Base on Balls
Batting: RHB Ken Bone 0-0: Called Strike
Bill Butler steals 2nd base
0-1: Ball
1-1: Ball
2-1: SINGLE (Line Drive, 7S, EV 98.8 MPH)
Bill Butler to third
Batting: RHB Mario Castillo 0-0: Ball
1-0: Fly out, F9 (Flyball, 9S, EV 96.9 MPH)
Batting: LHB Craig Morgan 0-0: Foul Ball, location: 2F
0-1: Ball
1-1: SINGLE (Line Drive, 78S, EV 104.4 MPH)
Bill Butler scores
Ken Bone to second
Batting: RHB Martín Chávez 0-0: Ball
1-0: Ball
2-0: Foul Ball, location: 2F
2-1: Swinging Strike
2-2: Ball
3-2: SINGLE (Line Drive, 6D, EV 98.8 MPH)
Ken Bone to third
Craig Morgan to second
Ken Bone scores
Craig Morgan to third
Batting: LHB Dallas Ihde 0-0: Ball
1-0: Foul Ball, location: 2F
1-1: Ball
2-1: Ball
3-1: SINGLE (Groundball, 56D, EV 106.2 MPH)
Craig Morgan scores
Martín Chávez to second
Batting: LHB Alex Avery 0-0: Ball
1-0: Called Strike
1-1: Ball
2-1: Called Strike
2-2: Foul Ball, location: 2F
2-2: DOUBLE (Flyball, 78XD, EV 96.2 MPH)
Martín Chávez scores
Dallas Ihde to third
Runner from 3rd tries for Home, SAFE, throw by LF to home
Batting: RHB Nick Boyd 0-0: Called Strike
0-1: Ball
1-1: Fly out, F9 (Flyball, 9LS, EV 78.1 MPH)
Bottom of the 1st over - 5 runs, 5 hits, 0 errors, 1 left on base; Cleveland 2 - D.C. 5
TOP OF THE 2ND
Cleveland Browns batting - Pitching for D.C. Divided : RHP Eric Colquhoun
Batting: LHB Luis Aranda 0-0: Ball
1-0: Swinging Strike
1-1: Ball
2-1: Ball
3-1: Base on Balls
Batting: LHB Pedro Gutiérrez 0-0: Called Strike
0-1: Called Strike
0-2: Strikes out swinging
Batting: RHB Tom Camden 0-0: Swinging Strike
0-1: Fly out, F3 (Popup, 3SF, EV 76.9 MPH)
Batting: LHB Surender Nada 0-0: Ball
1-0: Ball
2-0: Ball
3-0: Base on Balls
Luis Aranda to second
Batting: LHB Lauren Hilfiker 0-0: Called Strike
0-1: Fly out, F8 (Flyball, 8RD, EV 93.1 MPH)
Top of the 2nd over - 0 runs, 0 hits, 0 errors, 2 left on base; Cleveland 2 - D.C. 5
BOTTOM OF THE 2ND
D.C. Divided batting - Pitching for Cleveland Browns : RHP Rémi Ribeiro
Batting: RHB Kimi Okubo 0-0: Ball
1-0: Foul Ball, location: 2F
1-1: Called Strike
1-2: Ball
2-2: Ball
3-2: Ground out 1-3 (Groundball, 15S, EV 70.6 MPH)
Batting: LHB Bill Butler 0-0: Fly out, F7 (Flyball, 7D, EV 81.9 MPH)
Batting: RHB Ken Bone 0-0: Ball
1-0: Swinging Strike
1-1: Ball
2-1: Ball
3-1: Foul Ball, location: 2F
3-2: Base on Balls
Batting: RHB Mario Castillo 0-0: Ball
1-0: Ball
2-0: Ball
3-0: Called Strike
3-1: Foul Ball, location: 2F
3-2: Fly out, F9 (Flyball, 89D, EV 100.0 MPH)
Bottom of the 2nd over - 0 runs, 0 hits, 0 errors, 1 left on base; Cleveland 2 - D.C. 5
TOP OF THE 3RD
Cleveland Browns batting - Pitching for D.C. Divided : RHP Eric Colquhoun
Batting: RHB Richard Trevithick 0-0: Called Strike
0-1: Swinging Strike
0-2: Strikes out looking
Batting: LHB Danny Rodríguez 0-0: Foul Ball, location: 2F
0-1: Called Strike
0-2: Ball
1-2: Strikes out swinging
Batting: LHB León Castillo 0-0: Foul Ball, location: 2F
0-1: Ball
1-1: Swinging Strike
1-2: Strikes out swinging
Top of the 3rd over - 0 runs, 0 hits, 0 errors, 0 left on base; Cleveland 2 - D.C. 5
BOTTOM OF THE 3RD
D.C. Divided batting - Pitching for Cleveland Browns : RHP Rémi Ribeiro
Batting: LHB Craig Morgan 0-0: Ball
1-0: Called Strike
1-1: Ball
2-1: Foul Ball, location: 2F
2-2: Ball
3-2: Base on Balls
Batting: RHB Martín Chávez 0-0: Foul Ball, location: 2F
0-1: Ball
1-1: Fly out, F4 (Popup, 4M, EV 53.1 MPH)
Batting: LHB Dallas Ihde 0-0: Called Strike
0-1: Foul Ball, location: 2F
0-2: Ball
1-2: Ball
2-2: Foul Ball, location: 2F
2-2: Fielders Choice at 2nd, 6-4 (Groundball, 6M, EV 103.8 MPH)
Batting: LHB Alex Avery 0-0: Ball
1-0: Called Strike
1-1: Called Strike
1-2: Ball
2-2: DOUBLE (Line Drive, 9LS, EV 88.8 MPH)
Dallas Ihde to third
Runner from 3rd tries for Home, SAFE, throw by RF to home
Pitching: RHP Tomás Huesca
Batting: RHB Nick Boyd 0-0: SINGLE (Groundball, 4D, EV 102.5 MPH)
Alex Avery to third
Runner from 3rd tries for Home, SAFE, throw by CF to home
Nick Boyd to second
Batting: RHB Kimi Okubo 0-0: Ball
1-0: Ball
2-0: Foul Ball, location: 2F
2-1: Ball
3-1: Called Strike
3-2: Foul Ball, location: 2F
3-2: Fly out, F5 (Line Drive, 5, EV 66.9 MPH)
Bottom of the 3rd over - 2 runs, 2 hits, 0 errors, 1 left on base; Cleveland 2 - D.C. 7
TOP OF THE 4TH
Cleveland Browns batting - Pitching for D.C. Divided : RHP Eric Colquhoun
Batting: RHB Jack Bonner 0-0: Ball
1-0: Ball
2-0: Called Strike
2-1: Ball
3-1: Ground out 6-3 (Groundball, 6, EV 80.6 MPH)
Batting: LHB Luis Aranda 0-0: Called Strike
0-1: Called Strike
0-2: Ball
1-2: Ground out U3 (Groundball, 3, EV 80.0 MPH)
Batting: LHB Pedro Gutiérrez 0-0: Called Strike
0-1: Foul Ball, location: 2F
0-2: Ball
1-2: Ball
2-2: Ball
3-2: Ground out 4-3 (Groundball, 4, EV 90.0 MPH)
Top of the 4th over - 0 runs, 0 hits, 0 errors, 0 left on base; Cleveland 2 - D.C. 7
BOTTOM OF THE 4TH
D.C. Divided batting - Pitching for Cleveland Browns : RHP Tomás Huesca
Batting: LHB Bill Butler 0-0: Foul Ball, location: 2F
0-1: Ball
1-1: Ground out U3 (Groundball, 34, EV 88.1 MPH)
Batting: RHB Ken Bone 0-0: Called Strike
0-1: SINGLE (Line Drive, 4D, EV 95.6 MPH)
Batting: RHB Mario Castillo 0-0: Ball
1-0: Ball
2-0: Grounds into double play, 5-4-3 (Groundball, 5, EV 88.8 MPH)
Bottom of the 4th over - 0 runs, 1 hit, 0 errors, 0 left on base; Cleveland 2 - D.C. 7
TOP OF THE 5TH
Cleveland Browns batting - Pitching for D.C. Divided : RHP Eric Colquhoun
Batting: RHB Tom Camden 0-0: Ball
1-0: Ground out 6-3 (Groundball, 6, EV 98.8 MPH)
Batting: LHB Surender Nada 0-0: Ball
1-0: Reached on error, E7 (Flyball, 7D, EV 90.0 MPH)
Batting: LHB Lauren Hilfiker 0-0: Called Strike
0-1: Ball
1-1: Called Strike
Surender Nada is caught stealing 2nd base 2-6
1-2: Ball
2-2: Ball
3-2: Foul Ball, location: 2F
3-2: Foul Ball, location: 2F
3-2: Foul Ball, location: 2F
3-2: DOUBLE (Line Drive, 7LS, EV 96.9 MPH)
Batting: RHB Richard Trevithick 0-0: Foul Ball, location: 2F
0-1: Swinging Strike
0-2: Ball
1-2: Ball
2-2: Ball
3-2: Base on Balls
Batting: LHB Danny Rodríguez 0-0: Ball
1-0: Ball
2-0: Called Strike
2-1: Ball
3-1: Ground out 1-3 (Groundball, 34S, EV 69.4 MPH)
Top of the 5th over - 0 runs, 1 hit, 1 error, 2 left on base; Cleveland 2 - D.C. 7
BOTTOM OF THE 5TH
D.C. Divided batting - Pitching for Cleveland Browns : RHP Tomás Huesca
Batting: LHB Craig Morgan 0-0: Ground out U3 (Groundball, 34, EV 105.6 MPH)
Batting: RHB Martín Chávez 0-0: Foul Ball, location: 2F
0-1: Called Strike
0-2: SINGLE (Groundball, 6D, EV 102.5 MPH)
Batting: LHB Dallas Ihde 0-0: Ball
1-0: Ball
Martín Chávez is caught stealing 2nd base 2-6
2-0: Foul Ball, location: 2F
2-1: Ball
3-1: Base on Balls
Batting: LHB Alex Avery 0-0: Foul Ball, location: 2F
0-1: Foul Ball, location: 2F
0-2: Fly out, F8 (Line Drive, 8LD, EV 85.0 MPH)
Bottom of the 5th over - 0 runs, 1 hit, 0 errors, 1 left on base; Cleveland 2 - D.C. 7
TOP OF THE 6TH
Cleveland Browns batting - Pitching for D.C. Divided : RHP Eric Colquhoun
Batting: LHB León Castillo 0-0: Ball
1-0: Ball
2-0: Called Strike
2-1: Called Strike
2-2: DOUBLE (Groundball, 3L, EV 107.5 MPH)
Pitching: LHP Yushua Wazir
Batting: RHB Jack Bonner 0-0: Ball
1-0: Called Strike
1-1: Fly out, F9 (Flyball, 9LSF, EV 92.5 MPH)
Batting: LHB Luis Aranda 0-0: Called Strike
0-1: Swinging Strike
0-2: Ball
1-2: Ground out 5-3 (Groundball, 5, EV 109.4 MPH)
Batting: LHB Pedro Gutiérrez 0-0: Called Strike
0-1: Ball
1-1: Swinging Strike
1-2: Foul Ball, location: 2F
1-2: Foul Ball, location: 2F
1-2: Strikes out looking
Top of the 6th over - 0 runs, 1 hit, 0 errors, 1 left on base; Cleveland 2 - D.C. 7
BOTTOM OF THE 6TH
D.C. Divided batting - Pitching for Cleveland Browns : RHP Tomás Huesca
Batting: RHB Nick Boyd 0-0: Called Strike
0-1: Foul Ball, location: 2F
0-2: Fly out, F7 (Line Drive, 7D, EV 98.8 MPH)
Batting: RHB Kimi Okubo 0-0: Ball
1-0: Ground out 6-3 (Groundball, 6D, EV 103.1 MPH)
Batting: LHB Bill Butler 0-0: Foul Ball, location: 2F
0-1: Swinging Strike
0-2: Ball
1-2: Strikes out swinging
Bottom of the 6th over - 0 runs, 0 hits, 0 errors, 0 left on base; Cleveland 2 - D.C. 7
TOP OF THE 7TH
Cleveland Browns batting - Pitching for D.C. Divided : LHP Yushua Wazir
Batting: RHB Tom Camden 0-0: Swinging Strike
0-1: Ground out 5-3 (Groundball, 56S, EV 77.5 MPH)
Batting: LHB Surender Nada 0-0: Swinging Strike
0-1: Foul Ball, location: 2F
0-2: Ball
1-2: Ball
2-2: Foul Ball, location: 2F
2-2: Strikes out swinging
Batting: LHB Lauren Hilfiker 0-0: Foul Ball, location: 2F
0-1: Foul Ball, location: 2F
0-2: Foul Ball, location: 2F
0-2: Ground out 1-3 (Groundball, 34S, EV 72.5 MPH)
Top of the 7th over - 0 runs, 0 hits, 0 errors, 0 left on base; Cleveland 2 - D.C. 7
BOTTOM OF THE 7TH
D.C. Divided batting - Pitching for Cleveland Browns : RHP Tomás Huesca
Pitching: RHP Dewitt Clendaniel
Batting: RHB Ken Bone 0-0: Ball
1-0: Ball
2-0: Swinging Strike
2-1: Ball
3-1: Base on Balls
Batting: RHB Mario Castillo 0-0: SINGLE (Groundball, 56D, EV 96.2 MPH)
Ken Bone to second
Batting: LHB Craig Morgan 0-0: Ball
1-0: Foul Ball, location: 2F
1-1: Ball
2-1: Fielders Choice at 2nd, 5-4 (Groundball, 56, EV 78.8 MPH)
Ken Bone to third
Batting: RHB Martín Chávez 0-0: Grounds into double play, 4-6-3 (Groundball, 4, EV 103.8 MPH)
Bottom of the 7th over - 0 runs, 1 hit, 0 errors, 1 left on base; Cleveland 2 - D.C. 7
TOP OF THE 8TH
Cleveland Browns batting - Pitching for D.C. Divided : LHP Yushua Wazir
Pitching: RHP Aiden Dubhghall
Batting: RHB Richard Trevithick 0-0: Called Strike
0-1: Ball
1-1: Fly out, F9 (Flyball, 9D, EV 106.2 MPH)
Batting: LHB Danny Rodríguez 0-0: DOUBLE (Groundball, 5L, EV 103.1 MPH)
Batting: LHB León Castillo 0-0: Ground out 4-3 (Groundball, 4S, EV 69.4 MPH)
Danny Rodríguez to third
Batting: RHB Jack Bonner 0-0: Foul Ball, location: 2F
0-1: Ground out 6-3 (Groundball, 6, EV 81.9 MPH)
Top of the 8th over - 0 runs, 1 hit, 0 errors, 1 left on base; Cleveland 2 - D.C. 7
BOTTOM OF THE 8TH
D.C. Divided batting - Pitching for Cleveland Browns : RHP Dewitt Clendaniel
Batting: LHB Dallas Ihde 0-0: Called Strike
0-1: Ball
1-1: Swinging Strike
1-2: Ball
2-2: Foul Ball, location: 2F
2-2: Foul Ball, location: 2F
2-2: Strikes out looking
Batting: LHB Alex Avery 0-0: Ball
1-0: Called Strike
1-1: Swinging Strike
1-2: Strikes out swinging
Batting: RHB Nick Boyd 0-0: Ball
1-0: Called Strike
1-1: Ball
2-1: Ball
3-1: Base on Balls
Batting: RHB Kimi Okubo 0-0: 2-RUN HOME RUN (Line Drive, 7D, EV 108.8 MPH), Distance : 390 ft
Batting: LHB Bill Butler 0-0: Ball
1-0: Ball
2-0: Ball
3-0: Called Strike
3-1: Base on Balls
Batting: RHB Ken Bone 0-0: Called Strike
0-1: Called Strike
0-2: Strikes out swinging, 2-3 out at first.
Bottom of the 8th over - 2 runs, 1 hit, 0 errors, 1 left on base; Cleveland 2 - D.C. 9
TOP OF THE 9TH
Cleveland Browns batting - Pitching for D.C. Divided : RHP Aiden Dubhghall
Now at C: Gustavo González
Pinch Hitting: RHB Dale Epner 0-0: Called Strike
0-1: Called Strike
0-2: Foul Ball, location: 2F
0-2: Ball
1-2: Ball
2-2: Strikes out swinging
Batting: LHB Pedro Gutiérrez 0-0: Foul Ball, location: 2F
0-1: Foul Ball, location: 2F
0-2: Foul Ball, location: 2F
0-2: DOUBLE (Flyball, 78XD, EV 100.6 MPH)
Pitching: RHP Baker Mayfield
Batting: RHB Tom Camden 0-0: Foul Ball, location: 2F
0-1: SINGLE (Flyball, 9S, EV 93.1 MPH)
Pedro Gutiérrez to third
Batting: LHB Surender Nada 0-0: Called Strike
0-1: Fly out, F5 (Line Drive, 5, EV 70.0 MPH)
Batting: LHB Lauren Hilfiker 0-0: Ball
1-0: Fly out, F8 (Flyball, 8RM, EV 88.8 MPH)
Top of the 9th over - 0 runs, 2 hits, 0 errors, 2 left on base; Cleveland 2 - D.C. 9
Wednesday, July 8th, 2020 - OOTP Baseball 20.8 Build 74